 Dungeon Crawl Stone Soup version 0.30-a0-166-g5d06c95188 (webtiles) character file.

Game seed: 14535924255174295048

1085 qw the Chopper (level 8, -2/49 HPs)
             Began as a Gargoyle Fighter on Sept 28, 2022.
             Slain by Joseph
             ... wielding a +0 quarterstaff
              (9 damage)
             ... on level 7 of the Dungeon.
             The game lasted 00:01:54 (5598 turns).

qw the Chopper (Gargoyle Fighter)                   Turns: 5598, Time: 00:01:54

Health: -2/49      AC: 24    Str: 22    XL:     8   Next: 30%
Magic:  8/8        EV:  3    Int:  9    God:
Gold:   363        SH:  4    Dex:  7    Spells: 7/7 levels left

rFire   . . .      SeeInvis .    Y - +0 war axe (venom)
rCold   . . .      Faith    .    c - +0 buckler
rNeg    + . .      Spirit   .    a - +0 crystal plate armour
rPois   inf        Reflect  .    (helmet restricted)
rElec   +          Harm     .    (no cloak)
rCorr   .          Rampage  .    (no gloves)
Will    .....                    b - +1 pair of boots {Fly}
Stlth   ..........               (no amulet)
HPRegen 0.16/turn                (no ring)
MPRegen 0.11/turn                (no ring)

@: about to teleport, flying
A: sickness immunity, AC +5, negative energy resistance 1, electricity
resistance, torment resistance 1, petrification resistance, beak, clumsy 1
a: no special abilities


You were on level 7 of the Dungeon.
You visited 1 branch of the dungeon, and saw 7 of its levels.

You collected 363 gold pieces.


Innate Abilities, Weirdness & Mutations

You are immune to sickness and miasma.
Your stone body is resilient. (AC +5)
You are immune to poison.
You resist negative energy. (rN+)
You are resistant to electric shocks. (rElec)
You are resistant to unholy torment.
You are immune to petrification.
You have a beak for a mouth.
You are clumsy. (Dex -2)


   Skills:
 - Level 5.0 Fighting
 - Level 7.1 Axes
 - Level 1.2 Throwing
 + Level 4.8 Armour
 - Level 2.0 Dodging
 - Level 3.2 Shields


You had 7 spell levels left.
You didn't know any spells.
Your spell library was empty.

Inventory:

Hand Weapons
 r - a +0 flail
 Y - a +0 war axe of venom (weapon)
Missiles
 g - 2 boomerangs (quivered)
Armour
 a - a +0 crystal plate armour (worn)
 b - a +1 pair of boots of flying (worn)
 c - a +0 buckler (worn)
Scrolls
 f - 2 scrolls of teleportation
 h - a scroll of identify
Potions
 d - a potion of might
 e - 2 potions of curing
 i - 3 potions of lignification
 j - 3 potions of heal wounds
 k - 2 potions of attraction
 l - a potion of degeneration {unknown}
 m - a potion of cancellation
 n - a potion of haste
 q - a potion of mutation

Dungeon Overview and Level Annotations

Branches:
Dungeon (7/15)             Temple (0/1) D:4

Altars:
Cheibriados
Yredelemnul

Annotations:
D:7 Joseph, Menkaure


Message History

Menkaure, Prince of Dust comes into view.
Menkaure shouts!
5588 ||| Stepping ~*~*~tactically~*~*~ (hiding).
5589 ||| Stepping ~*~*~tactically~*~*~ (hiding).
Joseph unwields a +0 sling.
Joseph wields a +0 quarterstaff.
Joseph hits you but does no damage.
You slash Joseph! Your peck misses Joseph.
Joseph is moderately wounded.
Joseph completely misses you.
Menkaure casts a spell.
Menkaure seems to speed up.
You hit Joseph.
Joseph is moderately wounded.
Joseph barely misses you. You block Joseph's attack.
You closely miss Joseph. Your peck misses Joseph.
Joseph is moderately wounded.
Joseph barely misses you.
You hit Joseph but do no damage.
Joseph is moderately wounded.
Joseph hits you with a +0 quarterstaff.
You slash Joseph!
Joseph is poisoned.
Joseph is heavily wounded.
Joseph hits you but does no damage.
You barely miss Joseph. Your peck misses Joseph.
Joseph is heavily wounded.
Joseph hits you but does no damage.
Menkaure calls on the powers of darkness!
Joseph convulses!
Your body is wracked with pain!
You slash Joseph! Your peck misses Joseph.
Joseph is almost dead.
Joseph hits you with a +0 quarterstaff!
Menkaure calls on the powers of darkness!
Joseph convulses!
Your body is wracked with pain!
Joseph drinks a potion.
Joseph is healed!
Joseph looks more healthy.
Menkaure whispers, "It doesn't hurt if you pull your brain out of your nose yourself."
5598 ||| READING 3 scrolls of teleportation.
As you read the scroll of teleportation, it crumbles to dust.
You feel strangely unstable. Joseph hits you with a +0 quarterstaff!
You die...

#.......# .
#.......######..
#...##..........
##..............
#...............
#................
#.....M#+#.......
####+##@#+#.......
#.....@...........
#.................
#.....%<..........
#.................
#.................
####+##.###)......
.... #......
###... ...... #...
....$


You could see Joseph and Menkaure (fast).

Vanquished Creatures
  An orc warrior (D:6)
  An ice beast (D:5)
  3 black bears
  A bullfrog (D:7)
  A scorpion (D:5)
  3 hounds
  An orc priest (D:3)
  3 iguanas
  3 orc wizards
  9 adders
  3 gnolls (D:5)
  2 white imps (D:6)
  2 ufetubi
  A worm (D:2)
  A dart slug (D:3)
  10 orcs
  3 bats (D:1)
  9 endoplasms
  A giant cockroach (D:4)
  4 goblins
  12 hobgoblins
  2 jackals (D:1)
  4 quokkas
  6 ball pythons
  3 frilled lizards
  15 kobolds
  4 rats
108 creatures vanquished.

Vanquished Creatures (others)
  3 plants (D:5)
3 creatures vanquished.

Grand Total: 111 creatures vanquished

Notes
Turn   | Place    | Note
-------+----------+-------------------------------------------
     0 | D:1      | qw the Gargoyle Fighter began the quest for the Orb.
     0 | D:1      | Reached XP level 1. HP: 14/14 MP: 1/1
     0 | D:1      | 0 ||| qw: Version: 0.2-a-12-gaebbb33
     0 | D:1      | 0 ||| qw: Game counter: 1000
     0 | D:1      | 0 ||| qw: Always use a shield: true
     0 | D:1      | 0 ||| qw: God list: Okawaru
     0 | D:1      | 0 ||| qw: Allow faded altars: false
     0 | D:1      | 0 ||| qw: Do Orc after D:15 true
     0 | D:1      | 0 ||| qw: Do second Lair branch before Depths: true
     0 | D:1      | 0 ||| qw: Lair rune preference: random
     0 | D:1      | 0 ||| qw: Plans: Normal, Zot:1-4, God:TSO, Crypt, Tomb,
                  | Pan, Slime:5, Hells, Abyss, Orb
     0 | D:1      | 0 ||| PLANNING D:1-11
    13 | D:1      | Reached skill level 2 in Axes
   283 | D:1      | 283 ||| Stepping ~*~*~tactically~*~*~ (stealth).
   285 | D:1      | 285 ||| Stepping ~*~*~tactically~*~*~ (hiding).
   290 | D:1      | Reached XP level 2. HP: 19/19 MP: 2/2
   353 | D:1      | 353 ||| Stepping ~*~*~tactically~*~*~ (stealth).
   448 | D:1      | 448 ||| Stepping ~*~*~tactically~*~*~ (stealth).
   612 | D:1      | Reached skill level 3 in Axes
   705 | D:1      | Reached XP level 3. HP: 22/23 MP: 3/3
  1117 | D:1      | 1117 ||| READING 2 scrolls labelled QESOTSA YBLYAT.
  1118 | D:1      | 1118 ||| READING 2 scrolls labelled FYJOIRIABUP.
  1119 | D:1      | 1119 ||| READING scroll labelled JESYNG HATHRUN.
  1120 | D:1      | 1120 ||| READING scroll labelled PYBUOR WEAN.
  1121 | D:1      | 1121 ||| DROPPING scroll of magic mapping.
  1126 | D:2      | 1126 ||| STAIRDANCE
  1494 | D:2      | Reached XP level 4. HP: 26/28 MP: 4/4
  1950 | D:2      | 1950 ||| READING scroll labelled KEOVUE FUIGG.
  1951 | D:2      | 1951 ||| READING scroll labelled JULISHRA JYEG.
  1955 | D:2      | 1955 ||| READING scroll labelled ARYCIR AKEXTEH.
  1956 | D:2      | 1956 ||| DRINKING 3 purple potions.
  1994 | D:2      | 1994 ||| DRINKING 4 green potions.
  1995 | D:2      | 1995 ||| DRINKING 2 blue potions.
  2010 | D:3      | Reached skill level 4 in Axes
  2015 | D:3      | Found a snail-covered altar of Cheibriados.
  2123 | D:3      | 2123 ||| FLEEEEING.
  2184 | D:3      | 2184 ||| DROPPING +0 club.
  2242 | D:3      | 2242 ||| Stepping ~*~*~tactically~*~*~ (stealth).
  2323 | D:3      | 2323 ||| Stepping ~*~*~tactically~*~*~ (stealth).
  2346 | D:3      | Reached XP level 5. HP: 19/32 MP: 5/5
  2435 | D:3      | 2435 ||| Stepping ~*~*~tactically~*~*~ (stealth).
  2717 | D:3      | Reached skill level 5 in Axes
  2780 | D:3      | 2780 ||| DROPPING amulet of faith.
  2781 | D:3      | 2781 ||| DRINKING 2 inky potions.
  2966 | D:4      | Found a staircase to the Ecumenical Temple.
  2971 | D:4      | 2971 ||| READING 2 scrolls of identify.
  2971 | D:4      | 2971 ||| IDENTIFYING cyan potion
  2972 | D:4      | 2972 ||| READING scroll of teleportation.
  3069 | D:4      | Noticed a black bear
  3077 | D:4      | Killed a black bear
  3078 | D:4      | Reached XP level 6. HP: 23/39 MP: 6/6
  3657 | D:4      | 3657 ||| UPGRADING to +0 chain mail.
  3667 | D:4      | 3667 ||| DROPPING +0 scale mail.
  3668 | D:4      | 3668 ||| UPGRADING to +0 plate armour.
  3678 | D:4      | 3678 ||| DROPPING +0 chain mail.
  3679 | D:4      | 3679 ||| READING scroll labelled MENAZU VUPTA.
  3680 | D:4      | 3680 ||| DRINKING 2 white potions.
  3702 | D:5      | Entered Level 5 of the Dungeon
  3710 | D:5      | You fall into a shaft and drop 1 floor!
  3737 | D:6      | 3737 ||| READING scroll labelled LIEFRUSYOR.
  3737 | D:6      | Identified a scroll of acquirement
  3737 | D:6      | 3737 ||| ACQUIRING +1 pair of boots of flying
  3737 | D:6      | Acquired a +1 pair of boots of flying
  3739 | D:6      | 3739 ||| UPGRADING to +1 pair of boots of flying.
  3752 | D:5      | Noticed an ice beast
  3765 | D:5      | Killed an ice beast
  3821 | D:5      | Noticed a black bear
  3822 | D:5      | 3822 ||| FLEEEEING.
  3823 | D:5      | 3823 ||| FLEEEEING.
  3824 | D:5      | 3824 ||| FLEEEEING.
  3829 | D:5      | Killed a black bear
  3830 | D:5      | Reached skill level 6 in Axes
  3830 | D:5      | Reached XP level 7. HP: 41/44 MP: 7/7
  3867 | D:5      | 3867 ||| DROPPING +0 whip.
  3980 | D:5      | 3980 ||| Stepping ~*~*~tactically~*~*~ (stealth).
  3983 | D:5      | 3983 ||| Stepping ~*~*~tactically~*~*~ (stealth).
  3985 | D:5      | 3985 ||| Stepping ~*~*~tactically~*~*~ (stealth).
  3999 | D:5      | 3999 ||| Stepping ~*~*~tactically~*~*~ (stealth).
  4000 | D:5      | 4000 ||| Stepping ~*~*~tactically~*~*~ (stealth).
  4229 | D:5      | 4229 ||| DROPPING +0 whip of electrocution.
  4386 | D:5      | 4386 ||| Stepping ~*~*~tactically~*~*~ (stealth).
  4474 | D:5      | 4474 ||| Stepping ~*~*~tactically~*~*~ (stealth).
  4510 | D:5      | 4510 ||| READING 2 scrolls of identify.
  4510 | D:5      | 4510 ||| IDENTIFYING gluggy clear potion
  4511 | D:5      | 4511 ||| DROPPING potion of brilliance.
  4587 | D:6      | HP: 3/44 [black bear (10)]
  4588 | D:6      | 4588 ||| READING 3 scrolls of teleportation.
  4753 | D:6      | 4753 ||| Stepping ~*~*~tactically~*~*~ (hiding).
  4940 | D:6      | Reached skill level 7 in Axes
  5033 | D:6      | 5033 ||| DRINKING 3 potions of curing.
  5033 | D:6      | 5033 ||| (to cure confusion)
  5036 | D:6      | Reached XP level 8. HP: 49/49 MP: 8/8
  5040 | D:6      | Reached skill level 1 in Throwing
  5158 | D:6      | Found a basalt altar of Yredelemnul.
  5424 | D:6      | 5424 ||| UPGRADING to +0 crystal plate armour.
  5434 | D:6      | 5434 ||| DROPPING +0 plate armour.
  5435 | D:6      | 5435 ||| DRINKING 2 fuming emerald potions.
  5435 | D:6      | Gained mutation: You are clumsy. (Dex -2) [potion of
                  | mutation]
  5435 | D:6      | Gained mutation: You have hidden genetic defects. [potion
                  | of mutation]
  5435 | D:6      | Gained mutation: You have a beak for a mouth. [potion of
                  | mutation]
  5435 | D:6      | Lost mutation: You have hidden genetic defects. [potion of
                  | mutation]
  5482 | D:7      | Noticed Joseph
  5484 | D:7      | 5484 ||| FLEEEEING.
  5493 | D:7      | 5493 ||| STAIRDANCE
  5587 | D:7      | Noticed Menkaure
  5588 | D:7      | 5588 ||| Stepping ~*~*~tactically~*~*~ (hiding).
  5589 | D:7      | 5589 ||| Stepping ~*~*~tactically~*~*~ (hiding).
  5597 | D:7      | HP: 8/49 [Joseph/+0 quarterstaff (7)]
  5598 | D:7      | 5598 ||| READING 3 scrolls of teleportation.
  5598 | D:7      | Slain by Joseph

Levels and vault maps discovered:
D:1:      minmay_arrival_diagonal_passages, layout_basic
D:2:      layout_basic
D:3:      layout_loops_ring, cheibriados_altar_1
D:4:      layout_loops_ring, minmay_temple_entry_grid
D:5:      layout_cave_pools, serial_bayou_pond_a
D:6:      layout_cave_pools, mainiacjoe_overflow_brackets,
          amcnicky_mini_rare_corridor_liquid
D:7:      layout_basic, uniq_joseph, uniq_menkaure

Skill      XL: |  1  2  3  4  5  6  7  8 |
---------------+-------------------------+-----
Axes           | 2 3 4 5 6 7 |  7.1
Fighting       | 4 5 |  5.0
Armour         | 4 |  4.8
Dodging        | 2 |  2.0
Throwing       | 1 |  1.2
Shields        | |  3.2

Action                   |  1- 3 |  4- 6 |  7- 9 || total
-------------------------+-------+-------+-------++-------
Melee: War axe           |   104 |   117 |    87 ||   308
Throw: Boomerang         |       |    33 |    35 ||    68
  Use: Scroll            |     4 |     7 |     3 ||    14
       Potion            |       |     5 |     2 ||     7
Armor: Scale mail        |    54 |    49 |       ||   103
       Plate armour      |       |    15 |    72 ||    87
       Crystal plate arm |       |       |     5 ||     5
Dodge: Dodged            |    50 |    39 |    32 ||   121
Block: Buckler           |    24 |    19 |    16 ||    59

Table legend:
 A = Non-vault XP
 B = Vault XP
 C = Vault XP percentage of total XP
 D = Non-vault monster count
 E = Vault monster count
 F = Vault count percentage of total count
                 A         B        C        D         E       F
            +---------+---------+-------+---------+---------+-------
      Total |    1551 |       0 |   0.0 |     108 |       0 |   0.0
            +---------+---------+-------+---------+---------+-------
        D:1 |      43 |       0 |   0.0 |      27 |       0 |   0.0
        D:2 |      54 |       0 |   0.0 |      15 |       0 |   0.0
        D:3 |     135 |       0 |   0.0 |      14 |       0 |   0.0
        D:4 |     183 |       0 |   0.0 |      21 |       0 |   0.0
        D:5 |     514 |       0 |   0.0 |      17 |       0 |   0.0
        D:6 |     526 |       0 |   0.0 |      12 |       0 |   0.0
        D:7 |      96 |       0 |   0.0 |       2 |       0 |   0.0
            +---------+---------+-------+---------+---------+-------
